 Dungeon Crawl Stone Soup version 0.29.0-11-gd7f09526c8 (webtiles) character file.

Game seed: 3211104501127609742

1371 Destapler the Magician (level 8, -5/46 HPs)
             Began as a Deep Elf Summoner on Sept 6, 2022.
             Slain by a water moccasin (7 damage)
             ... on level 5 of the Dungeon.
             The game lasted 00:26:43 (7663 turns).

Destapler the Magician (Deep Elf Summoner)          Turns: 7663, Time: 00:26:45

Health: -5/46      AC:  3    Str:  5    XL:     8   Next: 38%
Magic:  13/19      EV: 14    Int: 23    God:
Gold:   332        SH:  0    Dex: 15    Spells: 17/20 levels left

rFire   x . .      SeeInvis .   d - +2 spear (venom)
rCold   + + .      Faith    .   (no shield)
rNeg    . . .      Spirit   .   a - +0 robe
rPois   +          Reflect  .   (no helmet)
rElec   +          Harm     .   n - +0 cloak
rCorr   .          Rampage  .   (no gloves)
Will    .....                   (no boots)
Stlth   ++++......              (no amulet)
HPRegen 0.15/turn               p - ring "Maefank" {rElec rPois rF- rC++ Stlth+}
MPRegen 0.16/turn               (no ring)

@: lethally poisoned (-5 -> -21)
A: no striking features
a: no special abilities


You were on level 5 of the Dungeon.
You visited 2 branches of the dungeon, and saw 7 of its levels.

You collected 347 gold pieces.
You spent 15 gold pieces at shops.

Inventory:

Hand Weapons
 d - a +2 spear of venom (weapon)
Missiles
 y - 2 boomerangs
Armour
 a - a +0 robe (worn)
 n - a +0 cloak (worn)
Jewellery
 p - the ring "Maefank" (left hand) {rElec rPois rF- rC++ Stlth+}
   (You found it on level 3 of the Dungeon)

   [ring of poison resistance]

   rF:        It makes you vulnerable to fire.
   rC:        It greatly protects you from cold.
   rElec:     It insulates you from electricity.
   rPois:     It protects you from poison.
   Stlth:     It makes you more stealthy.
Wands
 w - a wand of roots (1)
Scrolls
 c - 2 scrolls of poison {unknown}
 f - 2 scrolls of summoning {unknown}
 g - 3 scrolls of brand weapon {unknown}
 j - 2 scrolls of enchant armour {unknown}
 k - a scroll of fear {unknown}
 l - 2 scrolls of magic mapping {unknown}
 m - a scroll of teleportation {unknown}
 o - 2 scrolls of blinking
 q - a scroll of vulnerability {unknown}
 s - 6 scrolls of fog {unknown}
 v - 3 scrolls of immolation {unknown}
 A - 2 scrolls of identify
 B - a scroll of enchant weapon {unknown}
Potions
 b - a potion of magic
 e - a potion of berserk rage
 h - a potion of attraction {unknown}
 i - 2 potions of resistance
 r - 2 potions of ambrosia {unknown}
 t - 2 potions of heal wounds
 u - 2 potions of haste {unknown}
 x - 2 potions of curing {unknown}
 z - a potion of might {unknown}
 C - a potion of flight {unknown}


   Skills:
 + Level 3.4 Fighting
 + Level 1.7 Polearms
 + Level 1.7 Throwing
 - Level 1.0 Armour
 - Level 5.0 Dodging
 - Level 5.0 Stealth
 + Level 6.6 Spellcasting
 + Level 6.4 Summonings
 - Level 3.0 Evocations


You had 17 spell levels left.
You knew the following spells:

 Your Spells              Type           Power      Damage    Failure   Level
a - Summon Small Mammal   Summ           100%       N/A       1%          1
b - Call Imp              Summ           37%        N/A       1%          2

Your spell library contained the following spells:

 Spells                   Type           Power      Damage    Failure   Level
 Call Canine Familiar     Summ           37%        N/A       1%          3
 Summon Guardian Golem    Hex/Summ       22%        N/A       6%          3
 Scorch                   Fire           14%        2d5       12%         2
 Summon Lightning Spire   Summ/Air       22%        N/A       22%         4
 Gell's Gravitas          Tloc           7%         N/A       24%         3
 Teleport Other           Tloc           7%         N/A       24%         3
 Flame Wave               Conj/Fire      7%         2d5       63%         4
 Summon Cactus Giant      Summ           18%        N/A       65%         6
 Dispersal                Tloc           3%         N/A       100%        6


Dungeon Overview and Level Annotations

Branches:
Dungeon (6/15)             Temple (1/1) D:6

Altars:
Ashenzari
Cheibriados
Elyvilon
Fedhas
Gozag
Kikubaaqudgha
Makhleb
Nemelex Xobeh
Okawaru
Qazlal
Sif Muna
Trog
Uskayaw
Xom
Yredelemnul

Shops:
D:4 ?=   D:5 !


Message History

There is a stone staircase leading up here.
You feel much better. The water moccasin barely misses you.
The water moccasin closely misses you. The water moccasin misses you.
Your crimson imp closely misses the water moccasin.
You climb upwards.
There is a stone staircase leading down here.
A metallic apparition takes form in the air.
The water moccasin bites you!
* * * LOW HITPOINT WARNING * * *
You are poisoned.
The water moccasin poisons you!
You hit the water moccasin.
The water moccasin is moderately wounded.
You feel very sick. The water moccasin closely misses you.
The water moccasin attacks as you move away!
The water moccasin barely misses you.
You feel very sick.
Your iron imp barely misses the water moccasin.
The water moccasin misses you.
You feel sick.
Your iron imp closely misses the water moccasin.
You feel sick.
Your iron imp closely misses the water moccasin.
The water moccasin closely misses you.
You barely miss the water moccasin.
The water moccasin is moderately wounded.
You feel sick. The water moccasin closely misses you.
Your iron imp misses the water moccasin.
You hit the water moccasin.
The water moccasin is heavily wounded.
You feel sick. The water moccasin barely misses you.
You hit the water moccasin.
The water moccasin is heavily wounded.
You feel sick. The water moccasin bites you!
* * * LOW HITPOINT WARNING * * *
You are more poisoned.
The water moccasin poisons you!
Your iron imp hits the water moccasin.
The water moccasin bites you!
You die...

............####
...............#
..#.........##.#
............##.#
.........#####.#
......#..## #.#
......#...####.#
......#.......5#####
##...........>.S@..#
#......##########.#
#...........# #.#
#...........# #.#
#####........# #.#
.# #....##### #.# .#
#....# #.# .# #....#
#.# .####....####
#.#


You could see a water moccasin (ally target) and a friendly iron imp (summoned).

Vanquished Creatures
  Grinder (D:5)
  Sigmund (D:5)
  A black bear (D:5)
  A sky beast (D:6)
  2 ogres
  A scorpion (D:5)
  2 hounds (D:5)
  An orc priest (D:6)
  3 iguanas
  3 adders
  3 gnolls
  A white imp (D:6)
  An ufetubus (D:4)
  A worm (D:2)
  2 dart slugs (D:5)
  4 orcs
  2 bats (D:3)
  2 endoplasms
  4 giant cockroaches
  2 hobgoblins (D:4)
  A jackal (D:5)
  3 kobolds
  2 quokkas
  3 ball pythons
  2 frilled lizards (D:3)
  4 goblins
  A rat (D:1)
54 creatures vanquished.

Vanquished Creatures (collateral kills)
  Menkaure (D:5)
  A scorpion (D:6)
  A hound (D:5)
  Crazy Yiuf (D:2)
  An orc priest (D:3)
  2 gnolls (D:2)
  A shadow imp (D:6)
  A worm (D:3)
  5 orcs
  A ball python (D:2)
  3 endoplasms (D:3)
  A goblin (D:1)
  A hobgoblin (D:4)
  2 jackals (D:5)
  A quokka (D:4)
  A rat (D:1)
24 creatures vanquished.

Vanquished Creatures (others)
  2 fungi (D:2)
  4 plants (D:2)
6 creatures vanquished.

Grand Total: 84 creatures vanquished

Notes
Turn   | Place    | Note
-------+----------+-------------------------------------------
     0 | D:1      | Destapler the Deep Elf Summoner began the quest for the
                  | Orb.
     0 | D:1      | Reached XP level 1. HP: 10/10 MP: 6/6
   202 | D:1      | You fall into a shaft and drop 1 floor!
   313 | D:1      | Reached XP level 2. HP: 15/15 MP: 4/8
   322 | D:1      | Learned a level 2 spell: Call Imp
  1046 | D:2      | Reached XP level 3. HP: 12/20 MP: 6/10
  1051 | D:2      | Reached skill level 1 in Fighting
  1800 | D:2      | Reached XP level 4. HP: 25/25 MP: 8/11
  1921 | D:2      | Found a runed translucent door.
  1923 | D:2      | Noticed Crazy Yiuf
  1948 | D:2      | Killed Crazy Yiuf
  2239 | D:2      | Found a faded altar of an unknown god.
  2282 | D:3      | Reached XP level 5. HP: 30/30 MP: 4/13
  2470 | D:3      | Identified the ring "Maefank" {rElec rPois rF- rC++ Stlth+}
  2547 | D:3      | Reached skill level 5 in Summonings
  3598 | D:4      | Found Luiph's Jewellery Shop.
  3952 | D:4      | Found Jathon's Magic Scroll Shop.
  4002 | D:5      | Entered Level 5 of the Dungeon
  4130 | D:5      | Noticed Grinder
  4266 | D:5      | Reached XP level 6. HP: 31/35 MP: 10/14
  4323 | D:5      | Paralysed by Grinder for 2 turns
  4333 | D:5      | Reached skill level 1 in Evocations
  4340 | D:5      | Killed Grinder
  4341 | D:5      | Reached skill level 1 in Polearms
  4341 | D:5      | Reached skill level 1 in Armour
  4341 | D:5      | Reached XP level 7. HP: 27/40 MP: 10/16
  4387 | D:5      | Reached skill level 5 in Spellcasting
  4518 | D:5      | Found an iron altar of Okawaru.
  4545 | D:5      | Noticed Menkaure
  4591 | D:5      | Killed Menkaure
  4592 | D:5      | Reached skill level 5 in Stealth
  4657 | D:5      | Noticed Sigmund
  5190 | D:5      | Found Mitil's Distillery.
  5193 | D:5      | Bought a potion of degeneration for 15 gold pieces
  5221 | D:5      | Killed Sigmund
  5222 | D:5      | Reached skill level 5 in Dodging
  5454 | D:5      | Reached XP level 8. HP: 46/46 MP: 10/19
  5683 | D:5      | Found an iron altar of Okawaru.
  5686 | D:5      | Found Mitil's Distillery.
  6028 | D:6      | Found a burning altar of Makhleb.
  6615 | D:6      | Reached skill level 1 in Throwing
  6934 | D:6      | Found a staircase to the Ecumenical Temple.
  6940 | Temple   | Entered the Ecumenical Temple
  7652 | D:6      | HP: 2/46 [water moccasin (3)]
  7663 | D:5      | HP: 2/46 [water moccasin (7)]
  7663 | D:5      | Slain by a water moccasin

Illustrated notes

Levels and vault maps discovered:
D:1:      dpeg_arrival_three_smaller_balls, layout_basic
D:2:      layout_loops_corners, shapermc_ecumenical_altar_petra,
          lightli_corner_chamber, uniq_crazy_yiuf_cottage
D:3:      layout_loops_ring, minmay_crystal_water, corner_web_ring
D:4:      layout_loops_ring, serial_shops, shop, nicolae_shop_window_shopping,
          patterned_corridor
D:5:      layout_basic, okawaru_trees_2, serial_shops,
          nicolae_shop_behind_doors, uniq_sigmund, uniq_grinder, uniq_menkaure
D:6:      minmay_chambers_of_threes, layout_basic,
          mainiacjoe_overflow_six_doors_small,
          minmay_temple_entry_enclosed_plants, chequers_serial_rivers_large_b
Temple:   oiseaux_autumnal_temple

Skill      XL: |  1  2  3  4  5  6  7  8 |
---------------+-------------------------+-----
Dodging        | 3 4 5 |  5.0
Stealth        | 3 4 5 |  5.0
Fighting       | 1 2 3 |  3.4
Spellcasting   | 4 6 |  6.6
Summonings     | 5 6 |  6.4
Evocations     | 1 3 |  3.0
Polearms       | 1 |  1.7
Armour         | 1 |  1.0
Throwing       | 1 |  1.7

Action                   |  1- 3 |  4- 6 |  7- 9 || total
-------------------------+-------+-------+-------++-------
Melee: Spear             |    27 |    99 |    77 ||   203
       Punch             |     1 |     2 |     1 ||     4
 Cast: Summon Small Mamm |     8 |     6 |    10 ||    24
       Call Imp          |     7 |    25 |    33 ||    65
  Use: Scroll            |       |     5 |       ||     5
       Potion            |       |     1 |     1 ||     2
 Stab: Sleeping          |     1 |    14 |     3 ||    18
       Distracted        |       |     1 |     3 ||     4
Armor: Robe              |       |    13 |     5 ||    18
Dodge: Dodged            |     7 |    53 |    56 ||   116
